 Dungeon Crawl Stone Soup version 0.23.2-33-g5129a83184 (webtiles) character file.

Game seed: 6851829397013367617

1330 senseless the Insei (level 8, -1/60 HPs)
             Began as a Demonspawn Monk on June 25, 2019.
             Was a Believer of Qazlal.
             Slain by a sky beast (6 damage)
             ... on level 6 of the Dungeon on June 26, 2019.
             The game lasted 00:25:23 (5471 turns).

senseless the Insei (Demonspawn Monk)               Turns: 5471, Time: 00:25:24

Health: -1/60      AC:  9    Str: 13    XL:     8   Next: 34%
Magic:  8/8        EV: 17    Int: 11    God:    Qazlal [**....]
Gold:   261        SH:  2    Dex: 15    Spells: 7/7 levels left

rFire    . . .     SeeInvis .     - Unarmed
rCold    . . .     Gourm    .   (no shield)
rNeg     . . .     Faith    .   a - +0 robe
rPois    +         Spirit   .   d - +0 helmet
rElec    .         Reflect  .   e - +1 cloak
rCorr    .         Harm     .   g - +0 pair of gloves
MR       +....                  (no boots)
Stlth    ++........             (no amulet)
HPRegen  0.20/turn              n - +3 ring of evasion
MPRegen  0.11/turn              p - +1 ring of protection

@: lightly drained
A: talons 1, slimy green scales 1, magic resistance 1, poison resistance,
powered by death 1, weak 1
a: Upheaval, Renounce Religion


You were on level 6 of the Dungeon.
You worshipped Qazlal.
Qazlal was pleased with you.
You were not hungry.

You visited 2 branches of the dungeon, and saw 7 of its levels.
You also visited: Ossuary.

You collected 352 gold pieces.
You spent 91 gold pieces at shops.

Inventory:

Hand Weapons
 q - a +4 vampiric scythe
Armour
 a - a +0 robe (worn)
 d - a +0 helmet (worn)
 e - a +1 cloak (worn)
 g - a +0 pair of gloves (worn)
Jewellery
 i - an uncursed ring of wizardry
 n - a +3 ring of evasion (left hand)
 o - an uncursed ring of positive energy
 p - a +1 ring of protection (right hand)
Wands
 l - a wand of flame (12)
 s - a wand of iceblast (9)
 u - a wand of disintegration (14)
Scrolls
 j - 3 scrolls of teleportation
 m - 2 scrolls of remove curse
 v - 3 scrolls of identify
 x - 3 scrolls of blinking {unknown}
 y - a scroll of magic mapping
Potions
 c - 4 potions of flight
 f - 3 potions of lignification
 h - 2 potions of curing
 k - a potion of magic
 r - 2 potions of brilliance {unknown}
 t - 3 potions of berserk rage {unknown}
 w - a potion of heal wounds
Comestibles
 b - 10 rations
 z - 7 chunks of flesh


   Skills:
 + Level 3.7(3.2) Fighting
 + Level 5.1(4.5) Dodging
 - Level 3.5(3.0) Stealth
 + Level 7.8(7.3) Unarmed Combat
 + Level 1.1(0.6) Evocations


You had 7 spell levels left.
You didn't know any spells.
Your spell library was empty.

Dungeon Overview and Level Annotations

Branches:
Dungeon (6/15)             Temple (1/1) D:6

Altars:
Dithmenos
Elyvilon
Fedhas
Kikubaaqudgha
Nemelex Xobeh
Qazlal
Sif Muna
Wu Jian
Zin

Shops:
D:4 =


Innate Abilities, Weirdness & Mutations

You have sharp toenails.
You are partially covered in slimy green scales. (AC +2)
You regenerate a little health from kills.
You are resistant to hostile enchantments. (MR+)
Your system is resistant to poisons. (rPois)
You are weak. (Str -2)


Message History

* * * LOW HITPOINT WARNING * * *
You block something's attack.
You hit something. You claw something. The wight barely misses you.
Something hits you but does no damage.
You closely miss something. The wight closely misses you.
A sky beast appears from thin air!
Reactivating autopickup.
The sky beast completely misses you.
You hit the sky beast.
The sky beast is almost dead.
The wight closely misses you. The sky beast hits you.
* * * LOW HITPOINT WARNING * * *
The sky beast shocks you.
* * * LOW HITPOINT WARNING * * *
You barely miss the sky beast.
The sky beast is almost dead.
The wight barely misses you. The sky beast hits you.
* * * LOW HITPOINT WARNING * * *
The sky beast shocks you.
You die...

... ..... # .######
##...######### .Y
.#....###....##.|....##...
.......##.##.##.##........
.......#.........#........
...............§.Yzs......
.......#..⌠...⌠†@#...##...
##.....#......÷..#...#
##..........>........#
##...###.........#....+
##...###..⌠...⌠..#....#
......................#
.......#.........#...##+###
##.÷..+##.##.##.##...##...##
##...##......##............#


You could see a sky beast, a scorpion and a wight.

Vanquished Creatures
  Sigmund (D:4)
  An ice beast (D:5)
  An ogre (D:5)
  2 centaurs (D:5)
  A bullfrog (D:6)
  2 elf zombies (Ossuary)
  A wight (D:6)
  A bullfrog zombie (D:5)
  3 hounds
  A human zombie (Ossuary)
  2 bullfrog skeletons (D:4)
  A worker ant (D:4)
  2 orc wizards
  2 big kobold zombies (Ossuary)
  A hound skeleton (D:5)
  4 mummies (Ossuary)
  A worker ant zombie (D:5)
  A howler monkey zombie (D:5)
  2 adders
  5 gnolls
  A shadow imp (D:5)
  An adder zombie (Ossuary)
  5 worms
  4 leopard geckos
  13 orcs
  2 bat zombies (D:2)
  7 giant cockroaches
  3 goblins (D:1)
  8 hobgoblins
  5 kobolds
  2 quokkas
  4 ball pythons
  4 bats
  3 frilled lizards
  2 gnoll zombies (Ossuary)
  A goblin zombie (Ossuary)
  A hobgoblin zombie (Ossuary)
  A jackal zombie (Ossuary)
  A quokka skeleton (D:5)
  6 rats
  2 rat zombies
111 creatures vanquished.

Notes
Turn   | Place    | Note
-------+----------+-------------------------------------------
     0 | D:1      | senseless the Demonspawn Monk began the quest for the Orb.
     0 | D:1      | Reached XP level 1. HP: 18/18 MP: 1/1
    91 | D:1      | Reached skill level 3 in Unarmed Combat
   150 | D:1      | Gained mutation: You are partially covered in slimy green
                  | scales. (AC +2) [demonic ancestry]
   150 | D:1      | Reached XP level 2. HP: 21/24 MP: 2/2
   592 | D:1      | Gained mutation: Your spells are a little harder to cast,
                  | but a little more powerful. [potion of mutation]
   592 | D:1      | Gained mutation: Potions are less effective at restoring
                  | your health. [potion of mutation]
   592 | D:1      | Gained mutation: You have sharp fingernails. [potion of
                  | mutation]
   593 | D:1      | Lost mutation: You have sharp fingernails. [potion of
                  | mutation]
   593 | D:1      | Lost mutation: Your spells are a little harder to cast, but
                  | a little more powerful. [potion of mutation]
   593 | D:1      | Lost mutation: Potions are less effective at restoring your
                  | health. [potion of mutation]
   593 | D:1      | Gained mutation: You are resistant to hostile enchantments.
                  | (MR+) [potion of mutation]
   593 | D:1      | Gained mutation: You are weak. (Str -2) [potion of
                  | mutation]
   593 | D:1      | Gained mutation: Your system is resistant to poisons.
                  | (rPois) [potion of mutation]
   687 | D:2      | HP: 1/24 [worm (6)]
   991 | D:2      | Reached XP level 3. HP: 28/29 MP: 3/3
  1003 | D:2      | Found an ancient bone altar of Kikubaaqudgha.
  1910 | D:3      | Found a white marble altar of Elyvilon.
  2037 | D:3      | Reached XP level 4. HP: 30/35 MP: 4/4
  2280 | D:4      | Reached skill level 4 in Unarmed Combat
  2318 | D:4      | Reached XP level 5. HP: 8/41 MP: 5/5
  2650 | D:4      | Found a blossoming altar of Fedhas.
  2658 | D:4      | Found Qiucubb's Jewellery Shop.
  2664 | D:4      | Bought a cursed -3 ring of slaying for 26 gold pieces
  2664 | D:4      | Bought a cursed -3 ring of evasion for 26 gold pieces
  2664 | D:4      | Bought a +1 ring of protection for 39 gold pieces
  3003 | D:4      | Found a sparkling altar of Nemelex Xobeh.
  3145 | D:4      | Noticed Sigmund
  3160 | D:4      | Killed Sigmund
  3160 | D:4      | Reached skill level 5 in Unarmed Combat
  3160 | D:4      | Gained mutation: You have sharp toenails. [demonic
                  | ancestry]
  3160 | D:4      | Reached XP level 6. HP: 47/47 MP: 6/6
  3543 | D:5      | Entered Level 5 of the Dungeon
  3684 | D:5      | Noticed an ice beast
  3735 | D:5      | HP: 2/47 [ice beast (12)]
  3739 | D:5      | Killed an ice beast
  3739 | D:5      | Reached skill level 1 in Evocations
  3739 | D:5      | Reached XP level 7. HP: 10/52 MP: 7/7
  4067 | D:5      | Reached skill level 6 in Unarmed Combat
  4777 | D:6      | Found a sand-covered staircase.
  4783 | Ossuary  | Entered an ossuary
  4812 | Ossuary  | Reached skill level 7 in Unarmed Combat
  4840 | Ossuary  | Gained mutation: You regenerate a little health from kills.
                  | [demonic ancestry]
  4840 | Ossuary  | Reached XP level 8. HP: 43/59 MP: 8/8
  5307 | D:6      | Reached skill level 5 in Dodging
  5346 | D:6      | Found a staircase to the Ecumenical Temple.
  5355 | Temple   | Entered the Ecumenical Temple
  5366 | Temple   | Became a worshipper of Qazlal Stormbringer
  5366 | Temple   | Reached * piety under Qazlal
  5366 | Temple   | Reached ** piety under Qazlal
  5389 | D:6      | Upgraded the game from 0.23.2-30-g0e89c35649 to
                  | 0.23.2-33-g5129a83184
  5471 | D:6      | Slain by a sky beast

Skill      XL: |  1  2  3  4  5  6  7  8 |
---------------+-------------------------+-----
Unarmed Combat | 3 4 5 7 |  7.8
Stealth        | 2 3 |  3.5
Dodging        | 3 4 5 |  5.1
Evocations     | 1 |  1.1
Fighting       | |  3.7

Action                   |  1- 3 |  4- 6 |  7- 9 || total
-------------------------+-------+-------+-------++-------
Melee: Unarmed           |   179 |   261 |   234 ||   674
       Punch             |     4 |     8 |     9 ||    21
       Kick              |       |    31 |    74 ||   105
Evoke: Wand              |       |     8 |       ||     8
  Use: Scroll            |     5 |     3 |     4 ||    12
       Potion            |     2 |     1 |       ||     3
 Stab: Sleeping          |     4 |     3 |     3 ||    10
  Eat: Chunk             |     4 |     5 |     4 ||    13
       Ration            |       |       |     1 ||     1
Armor: Robe              |    38 |    63 |    56 ||   157
Dodge: Dodged            |   120 |   149 |   153 ||   422
Block: Other             |       |       |     6 ||     6
